cohdb
Replays
Latest Replays
All Replays
Popular Replays
Top Player Replays
Match Explorer
How It Works
Community
CoH3 Stats
Reddit
Sign in to upload your games and track your stats! →
Sign in with Steam
Match 45141527
Unlisted
Match 45141527
Overview
Messages
Build Orders
End
Kradschützen Motorcycle Team
Panzergrenadier Squad
Panzergrenadier Squad
Construct Light Support Kompanie
MG34 Team
Fire Support Elements
Panzerpioneer Squad
Panzerjäger Mechanized Group
Combat Half-tracks
Flakvierling Half-track
Pak 38 Anti-tank Gun Team
Construct Mechanized Kompanie
2.5-tonne Medical Truck
Marder III Tank Destroyer
MG34 Team
8 Rad Armored Car
XuZhongwei
Summer Monsoon
Giuà
Maro
Mixrundiy
Mario
呆萌巨RUA银发龙娘
gAtoR45
0
0
Comments
sign in to comment!
No comments posted yet!